 Dungeon Crawl Stone Soup version 0.31-a0-955-gcb8bc90ed4 (webtiles) character file.

Game seed: 2430376099582061

431 BinkBink the Chopper (level 6, -1/55 HPs)
             Began as a Minotaur Fighter on Oct 22, 2023.
             Slain by a gnoll
             ... wielding a +0 spear
             ... led by a gnoll bouda
              (4 damage)
             ... on level 4 of the Dungeon.
             The game lasted 00:02:37 (2927 turns).

BinkBink the Chopper (Minotaur Fighter)             Turns: 2927, Time: 00:02:37

Health: -1/55      AC:  8    Str: 22    XL:     6   Next: 67%
Magic:  5/5        EV: 10    Int:  5    God:
Gold:   277        SH:  5    Dex: 10    Spells: 5/5 levels left

rFire   . . .        a - +0 war axe
rCold   . . .        c - +0 buckler
rNeg    . . .        b - +0 scale mail
rPois   .            (helmet restricted)
rElec   .            (no cloak)
rCorr   .            p - +0 pair of gloves
SInv    .            (no boots)
Will    .....        (no amulet) Stlth
                     (no ring)
HPRegen 0.29/turn    (no ring)
MPRegen 0.09/turn

%: no passive effects
@: hasted, very quick
A: horns 2, retaliatory headbutt
a: no special abilities


You were on level 4 of the Dungeon.
You visited 1 branch of the dungeon, and saw 4 of its levels.

You collected 277 gold pieces.

Inventory:

Hand Weapons
 a - a +0 war axe (weapon)
Missiles
 q - a throwing net
Armour
 b - a +0 scale mail (worn)
 c - a +0 buckler (worn)
 p - a +0 pair of gloves (worn)
Jewellery
 n - a ring of wizardry
Scrolls
 e - 3 scrolls of poison {unknown}
 f - 6 scrolls of identify {unknown}
 g - a scroll of amnesia {unknown}
 h - 2 scrolls of noise {unknown}
 i - a scroll of brand weapon {unknown}
 k - a scroll of revelation {unknown}
 l - 2 scrolls of vulnerability {unknown}
 o - a scroll of fog {unknown}
Potions
 d - 2 potions of might
 j - 2 potions of haste
 m - a potion of heal wounds {unknown}


   Skills:
 + Level 4.9 Fighting
 * Level 5.4 Axes
 + Level 5.0 Armour
 + Level 2.7 Dodging
 + Level 4.9 Shields


You had 5 spell levels left.
You didn't know any spells.
Your spell library contained the following spells:

 Spells                   Type           Power      Damage    Failure   Level
 Sting                    Tmut/Pois      0%         1d3       85%         1
 Poisonous Vapours        Pois/Air       0%         N/A       94%         2
 Olgreb's Toxic Radiance  Pois           0%         N/A       100%        4
 Vhi's Electric Charge    Tloc/Air       0%         N/A       100%        4
 Arcjolt                  Conj/Air       0%         1d10      100%        5
 Maxwell's Capacitive Co  Air            0%         ∞         100%        8


Dungeon Overview and Level Annotations

Branches:
Dungeon (4/15)
 Temple: D:4-7

Altars:


Innate Abilities, Weirdness & Mutations

You have a pair of horns on your head.
You reflexively headbutt those who attack you in melee.


Message History

You slash the gnoll!
You kill the gnoll!
The gnoll bouda barks out a call to the hunt!
The gnolls pick up the pace!
The gnoll hits you but does no damage. You block the gnoll bouda's attack.
The gnoll hits you but does no damage.
The gnoll hits you from afar with a +0 spear.
You slash the gnoll bouda!
You kill the gnoll bouda!
The gnoll barely misses you.
The gnoll hits you from afar with a +0 spear.
The gnoll hits you with a +0 spear. The gnoll misses you.
You closely miss the gnoll. You headbutt the gnoll.
The gnoll is moderately wounded.
The gnoll hits you with a +0 spear. The gnoll hits you but does no damage.
The gnoll hits you with a +0 spear.
* * * LOW HITPOINT WARNING * * *
The gnoll hits you but does no damage.
You barely miss the gnoll. Your headbutt misses the gnoll.
The gnoll is moderately wounded.
The gnoll hits you but does no damage. The gnoll barely misses you.
You hit the gnoll.
The gnoll is heavily wounded.
The gnoll hits you with a +0 spear.
* * * LOW HITPOINT WARNING * * *
The gnoll closely misses you.
You hit the gnoll.
The gnoll is severely wounded.
The gnoll hits you with a +0 spear.
* * * LOW HITPOINT WARNING * * *
The gnoll hits you from afar with a +0 spear.
* * * LOW HITPOINT WARNING * * *
You block the gnoll's attack.
It was a potion of haste.
You feel yourself speed up.
The gnoll hits you from afar with a +0 spear.
* * * LOW HITPOINT WARNING * * *
The gnoll attacks as it pursues you! The gnoll hits you but does no damage.
The gnoll attacks as it pursues you!
The gnoll hits you from afar with a +0 spear.
You die...

###..##
##...............#
##..##
##..........#..##
##..##
#.........#..##
##.)####
##.......#..##
###g..## ##.....##..#
##....# ##..###))##
#.....## #####).###
#....g.## #.....##
#....##@### ##......#
#....###..###.......#
#...## ##..#........#
#..## ##..........#
### ##.........###
#...........#
#.......###.#
##......## ###
#......##


You could see 2 gnolls.

Vanquished Creatures
  A black bear (D:4)
  A jelly (D:4)
  2 hounds (D:4)
  An orc priest (D:4)
  A gnoll bouda (D:4)
  An iguana (D:4)
  An orc wizard (D:4)
  4 gnolls
  3 adders
  A worm (D:3)
  4 dart slugs
  4 orcs
  5 endoplasms
  2 giant cockroaches
  7 goblins
  4 hobgoblins
  4 jackals (D:1)
  4 kobolds
  2 quokkas
  4 ball pythons
  3 bats
  3 frilled lizards
  7 rats
69 creatures vanquished.

Notes
Turn   | Place    | Note
-------+----------+-------------------------------------------
     0 | D:1      | BinkBink the Minotaur Fighter began the quest for the Orb.
     0 | D:1      | Reached XP level 1. HP: 19/19 MP: 0/0
   173 | D:1      | Reached XP level 2. HP: 27/27 MP: 1/1
   425 | D:1      | You fall into a shaft and drop 1 floor!
   553 | D:1      | Found a faded altar of an unknown god.
   937 | D:2      | Reached XP level 3. HP: 33/33 MP: 2/2
   940 | D:2      | Reached skill level 1 in Dodging
  1805 | D:3      | Reached XP level 4. HP: 30/40 MP: 3/3
  2225 | D:4      | Reached XP level 5. HP: 42/46 MP: 4/4
  2325 | D:4      | Noticed a black bear
  2336 | D:4      | Killed a black bear
  2337 | D:4      | Reached XP level 6. HP: 20/53 MP: 5/5
  2576 | D:4      | Reached skill level 5 in Axes
  2665 | D:4      | Reached skill level 5 in Armour
  2927 | D:4      | Slain by a gnoll

Illustrated notes

Levels and vault maps discovered:
D:1:      dreamdust_arrival_sigmund_warning, layout_loops_ring,
          shapermc_ecumenical_altar_mp_urbaneastern, nrook_uturn
D:2:      layout_basic, grunt_ministairs_5
D:3:      minmay_chambers_of_threes, layout_loops_ring
D:4:      layout_cave_pods, minmay_misc_feat_roman

Skill      XL: |  1  2  3  4  5  6 |
---------------+-------------------+-----
Axes           | 3 4 5 |  5.4
Armour         | 4 5 |  5.0
Dodging        | 1 2 |  2.7
Shields        | 4 |  4.9
Fighting       | 4 |  4.9

Action                     |  1- 3 |  4- 6 || total
---------------------------+-------+-------++-------
  Melee: War axe           |    73 |    79 ||   152
         Headbutt          |    10 |     8 ||    18
    Use: Potion            |       |     1 ||     1
 Armour: Scale mail        |    43 |    88 ||   131
  Dodge: Dodged            |    43 |    63 ||   106
  Block: Buckler           |    17 |    24 ||    41

Table legend: (Time is in decaauts)
 A = Elapsed time spent in this place.
 B = Non-inter-level travel time spent in this place.
 C = Inter-level travel time spent in this place.
 D = Time resting spent in this place.
 E = Time spent auto-exploring this place.
 F = Levels seen in this place.
 G = Mean time per level.
                   A        B        C        D        E       F      G
               +--------+--------+--------+--------+--------+-----+--------+
         Total |   2976 |   2875 |    101 |    216 |   2216 |   4 |  744.0 |
       Dungeon |   2976 |   2875 |    101 |    216 |   2216 |   4 |  744.0 |
               +--------+--------+--------+--------+--------+-----+--------+

Top non-repeatable levels by time:
     D:4: 890 daAuts
     D:3: 888 daAuts
     D:1: 792 daAuts
     D:2: 403 daAuts
